cohdb
Replays
Latest Replays
All Replays
Popular Replays
Top Player Replays
Match Explorer
How It Works
Community
CoH3 Stats
Reddit
Sign in to upload your games and track your stats! →
Sign in with Steam
Match 46088296
Unlisted
Match 46088296
Overview
Messages
Build Orders
End
Construct Infanterie Kompanie
Selects Terror Battlegroup
Selects Machine Gun Camouflage
MG 42 Machine Gun Team
MG 42 Machine Gun Team
MG 42 Machine Gun Team
Construct Luftwaffe Kompanie
Jäger Squad
Luftwaffe Officer Quarters
Medical Station
221 Scout Car
Jäger Squad
Jäger Squad
Selects Defend the Fatherland
Medical Bunker
MG 42 Bunker
MG 42 Bunker
MG 42 Bunker
MG 42 Bunker
Pioneer Squad
Pioneer Squad
Pioneer Squad
Pioneer Squad
Pioneer Squad
Pioneer Squad
Defend the Fatherland
Jamin
CaptainSPrice
TheSlothInChargeOfEconomy
woof_raff
0
0
Comments
sign in to comment!
No comments posted yet!